 Dungeon Crawl Stone Soup version 0.31-a0-233-g139696dc86 (webtiles) character file.

Game seed: 9091185782212152692

76 qw the Shooter (level 4, 0/36 HPs)
             Began as a Minotaur Hexslinger on July 8, 2023.
             Slain by Ijyb
             ... wielding a +0 dagger
              (2 damage)
             ... on level 3 of the Dungeon.
             The game lasted 00:00:46 (1742 turns).

qw the Shooter (Minotaur Hexslinger)                Turns: 1742, Time: 00:00:46

Health: 0/36       AC:  5    Str: 13    XL:     4   Next: 12%
Magic:  4/4        EV: 11    Int: 10    God:
Gold:   112        SH:  0    Dex: 14    Spells: 4/5 levels left

rFire   . . .        Y - +1 sling
rCold   + . .        (no shield)
rNeg    . . .        i - +0 ring mail
rPois   .            (helmet restricted)
rElec   .            (no cloak)
rCorr   .            (no gloves)
SInv    .            (no boots)
Will    +....        (no amulet)
Stlth   +            c - ring of protection from cold
HPRegen 0.26/turn    e - ring of willpower
MPRegen 0.09/turn

%: no passive effects
@: no status effects
A: horns 2, retaliatory headbutt
a: no special abilities


You were on level 3 of the Dungeon.
You visited 1 branch of the dungeon, and saw 3 of its levels.

You collected 112 gold pieces.


Innate Abilities, Weirdness & Mutations

You have a pair of horns on your head.
You reflexively headbutt those who attack you in melee.


   Skills:
 - Level 2.0 Fighting
 + Level 4.5 Ranged Weapons
 - Level 1.0 Armour
 - Level 2.1 Dodging
 - Level 1.0 Spellcasting
 - Level 2.0 Hexes


You had 4 spell levels left.
You knew the following spells:

 Your Spells              Type           Power      Damage    Failure   Level
a - Slow                  Hex            16%        N/A       32%         1

Your spell library contained the following spells:

 Spells                   Type           Power      Damage    Failure   Level
 Inner Flame              Hex/Fire       2%         N/A       82%         3
 Portal Projectile        Hex/Tloc       4%         N/A       82%         3
 Cause Fear               Hex            2%         N/A       97%         4

Inventory:

Hand Weapons
 Y - a +1 sling (weapon)
Armour
 b - a +0 pair of gloves
 i - a +0 ring mail (worn)
Jewellery
 c - a ring of protection from cold (left hand)
 e - a ring of willpower (right hand)
Scrolls
 a - a scroll of brand weapon {unknown}
Potions
 f - a potion of curing {unknown}
 g - a potion of berserk rage {unknown}
 h - a potion of brilliance {unknown}
 j - a potion of ambrosia {unknown}
 k - a potion of mutation {unknown}

Dungeon Overview and Level Annotations

Branches:
Dungeon (3/15)

Altars:
Gozag
Uskayaw

Annotations:
D:3 Ijyb


Message History

There is an open door here.
Found a hide-covered altar of Uskayaw.
Found a stone staircase leading down.
There is a stone staircase leading down here.
You now have 112 gold pieces (gained 5).
You open the door.
Ijyb the Twisted Goblin comes into view.
She is wielding a +0 dagger, wearing a +0 ring mail of positive energy and carrying a wand of light (6).
Ijyb shouts!
Enter note: You shoot a sling bullet.
The sling bullet hits Ijyb.
Ijyb is moderately wounded.
You shoot a sling bullet. The sling bullet closely misses Ijyb.
You shoot a sling bullet.
The sling bullet hits Ijyb but does no damage.
Ijyb is moderately wounded.
Ijyb hits you but does no damage.
You shoot a sling bullet.
The sling bullet hits Ijyb but does no damage.
Ijyb is moderately wounded.
Ijyb hits you with a +0 dagger. Ijyb closely misses you.
You furiously retaliate!
You headbutt Ijyb! You shoot a sling bullet.
The sling bullet closely misses Ijyb.
Ijyb zaps a wand.
The bolt of light hits you!
You are confused.
Ijyb closely misses you.
You feel less confused.
Ijyb zaps a wand.
The bolt of light hits you!
You are confused.
Ijyb grins evilly.
Ijyb hits you with a +0 dagger.
You feel less confused. Ijyb hits you but does no damage.
You shoot a sling bullet.
The sling bullet hits Ijyb but does no damage.
Ijyb is heavily wounded.
Ijyb hits you with a +0 dagger.
You shoot a sling bullet. The sling bullet hits Ijyb.
Ijyb is heavily wounded.
Ijyb hits you with a +0 dagger.
You die...

#+# #.# #.# #.#
#.# #.# ### #.#
###...##.########
......g@>.......#
###...##..._....#
#.. #........# #.
#.#####.## #
#.#((.#.#
#.#...#.#
#.#####.#
#.......# ##### #
#.....### #....


You could see Ijyb and 2 dancing weapons.

Vanquished Creatures
  2 adders
  An orc (D:3)
  3 bats
  6 endoplasms
  2 giant cockroaches (D:1)
  4 goblins
  8 hobgoblins
  2 jackals (D:1)
  6 quokkas
  4 ball pythons
  3 frilled lizards
  3 kobolds
  6 rats
50 creatures vanquished.

Notes
Turn   | Place    | Note
-------+----------+-------------------------------------------
     0 | D:1      | qw the Minotaur Hexslinger began the quest for the Orb.
     0 | D:1      | Reached XP level 1. HP: 16/16 MP: 1/1
     0 | D:1      | 0 ||| qw: Version: 0.3-a-46-gb1f654a
     0 | D:1      | 0 ||| qw: Game counter: 3463
     0 | D:1      | 0 ||| qw: Melee chars always use a shield: true
     0 | D:1      | 0 ||| qw: God list: Okawaru
     0 | D:1      | 0 ||| qw: Allow faded altars: false
     0 | D:1      | 0 ||| qw: Do Orc after clearing Dungeon:15 true
     0 | D:1      | 0 ||| qw: Do second Lair branch before Depths: true
     0 | D:1      | 0 ||| qw: Lair rune preference: random
     0 | D:1      | 0 ||| qw: Goals: Normal
     0 | D:1      | 0 ||| PLANNING D:1-11
    21 | D:1      | 21 ||| FLEEEEING.
    22 | D:1      | 22 ||| FLEEEEING.
    44 | D:1      | Reached skill level 3 in Ranged Weapons
    44 | D:1      | 44 ||| FLEEEEING.
    45 | D:1      | 45 ||| FLEEEEING.
    46 | D:1      | 46 ||| FLEEEEING.
    47 | D:1      | 47 ||| FLEEEEING.
    48 | D:1      | 48 ||| FLEEEEING.
    49 | D:1      | 49 ||| FLEEEEING.
    50 | D:1      | 50 ||| FLEEEEING.
    53 | D:1      | Reached XP level 2. HP: 22/23 MP: 2/2
    58 | D:1      | 58 ||| FLEEEEING.
   181 | D:1      | Found a faded altar of an unknown god.
   222 | D:1      | 222 ||| FLEEEEING.
   332 | D:1      | Reached XP level 3. HP: 29/29 MP: 3/3
   754 | D:1      | 754 ||| UPGRADING to +0 ring mail.
   764 | D:1      | 764 ||| DROPPING +0 robe.
   765 | D:1      | 765 ||| READING scroll labelled PAYL TIMPANI.
   766 | D:1      | 766 ||| READING scroll labelled TUSSAB NOCVI.
   767 | D:1      | 767 ||| DROPPING scroll of poison.
   934 | D:2      | Reached skill level 4 in Ranged Weapons
  1058 | D:2      | Reached skill level 1 in Armour
  1143 | D:2      | Found an opulent altar of Gozag.
  1475 | D:2      | 1475 ||| UPGRADING to ring of protection from cold.
  1476 | D:2      | 1476 ||| UPGRADING to ring of willpower.
  1477 | D:2      | 1477 ||| READING scroll labelled BIH REAJIQAUWI.
  1478 | D:2      | 1478 ||| READING scroll labelled GIXEPH OMENK.
  1479 | D:2      | 1479 ||| READING scroll labelled TEOHIC DOUXT.
  1480 | D:2      | 1480 ||| READING scroll labelled IZAIKIY ARCHAKK.
  1497 | D:3      | Reached XP level 4. HP: 36/36 MP: 4/4
  1706 | D:3      | Noticed a +0 dagger
  1706 | D:3      | Noticed a +0 dagger
  1708 | D:3      | Found a hide-covered altar of Uskayaw.
  1731 | D:3      | Noticed Ijyb
  1738 | D:3      | HP: 7/36 [Ijyb/bolt of light (12)]
  1741 | D:3      | HP: 1/36 [Ijyb/+0 dagger (5)]
  1742 | D:3      | Slain by Ijyb

Levels and vault maps discovered:
D:1:      wander_arrival_estate, layout_loops_ring,
          ebering_ecumenical_altar_webs
D:2:      layout_basic, basic_altar, corexii_leaking_fountain,
          minmay_misc_feat_pillars
D:3:      layout_basic, dancing_weapons_uskayaw, ebering_ghost_rock_garden,
          uniq_ijyb, uniq_terence

Skill      XL: |  1  2  3 |
---------------+----------+-----
Ranged Weapons | 3 4 |  4.5
Fighting       | 2 |  2.0
Armour         | 1 |  1.0
Dodging        | |  2.1
Spellcasting   | |  1.0
Hexes          | |  2.0

Action                     |  1- 3 |  4- 6 || total
---------------------------+-------+-------++-------
   Fire: Sling             |   149 |    14 ||   163
    Use: Scroll            |     6 |       ||     6
 Armour: Robe              |    10 |       ||    10
         Ring mail         |     8 |     2 ||    10
  Dodge: Dodged            |    55 |     4 ||    59

Table legend:
 A = Non-vault XP
 B = Vault XP
 C = Vault XP percentage of total XP
 D = Non-vault monster count
 E = Vault monster count
 F = Vault count percentage of total count
                 A         B        C        D         E       F
            +---------+---------+-------+---------+---------+-------
      Total |     109 |       0 |   0.0 |      50 |       0 |   0.0
            +---------+---------+-------+---------+---------+-------
        D:1 |      57 |       0 |   0.0 |      33 |       0 |   0.0
        D:2 |      33 |       0 |   0.0 |      13 |       0 |   0.0
        D:3 |      19 |       0 |   0.0 |       4 |       0 |   0.0
            +---------+---------+-------+---------+---------+-------
